 Dungeon Crawl Stone Soup version 0.28.0-1-gb440e238dd (webtiles) character file.

Game seed: 6023439188968880574

665 sipior the Gusty (level 7, -2/41 HPs)
             Began as a Tengu Air Elementalist on Feb 21, 2022.
             Was a Follower of Vehumet.
             Killed from afar by Dowan (17 damage)
             ... with a stone arrow
             ... on level 5 of the Dungeon.
             The game lasted 00:24:40 (6674 turns).

sipior the Gusty (Tengu Air Elementalist)           Turns: 6674, Time: 00:24:41

Health: -2/41      AC:  8    Str: 10    XL:     7   Next: 57%
Magic:  2/13       EV: 20    Int: 15    God:    Vehumet [*.....]
Gold:   250        SH:  0    Dex: 19    Spells: 5/13 levels left

rFire   . . .      SeeInvis +   a - +5 mace "Xyivolebb" {venom, rElec Dex+4 SInv Stlth-}
rCold   . . .      Faith    .   (no shield)
rNeg    . . .      Spirit   .   z - +1 robe {Will+}
rPois   .          Reflect  .   (helmet restricted)
rElec   +          Harm     .   j - +0 cloak
rCorr   .          Rampage  .   (no gloves)
Will    +....                   (boots unavailable)
Stlth   +.........              (no amulet)
HPRegen 0.13/turn               o - +4 ring of protection
MPRegen 0.13/turn               y - +4 ring of evasion

@: flying quickly and evasively, quick
A: beak, talons 3, nimble flight
a: Renounce Religion


You were on level 5 of the Dungeon.
You worshipped Vehumet.
Vehumet was aware of your devotion.
You visited 1 branch of the dungeon, and saw 5 of its levels.
You also visited: Sewer.

You collected 250 gold pieces.

Inventory:

Hand Weapons
 a - the +5 mace "Xyivolebb" (weapon) {venom, rElec Dex+4 SInv Stlth-}
   (You found it on level 3 of the Dungeon)

   It poisons the flesh of those it strikes.
   Dex:       It affects your dexterity (+4).
   rElec:     It insulates you from electricity.
   SInv:      It lets you see invisible.
   Stlth:     It makes you less stealthy.
 k - a +3 vampiric spear
Armour
 j - a +0 cloak (worn)
 z - a +1 robe of willpower (worn)
Jewellery
 o - a +4 ring of protection (left hand)
 y - a +4 ring of evasion (right hand)
Wands
 q - a wand of flame (4)
Scrolls
 e - a scroll of fear
 f - a scroll of amnesia
 m - 3 scrolls of magic mapping
 p - a scroll of enchant weapon
 r - a scroll of vulnerability {unknown}
 t - 4 scrolls of teleportation {unknown}
 v - 2 scrolls of blinking {unknown}
 w - a scroll of silence
Potions
 b - a potion of ambrosia {unknown}
 c - a potion of attraction {unknown}
 d - a potion of haste {unknown}
 g - 2 potions of mutation
 h - 4 potions of lignification
 i - 3 potions of curing
 n - 2 potions of resistance
 s - a potion of degeneration {unknown}
 u - a potion of flight {unknown}
 x - a potion of might {unknown}


   Skills:
 + Level 3.3 Fighting
 + Level 2.5 Maces & Flails
 - Level 3.3 Dodging
 - Level 2.0 Stealth
 + Level 3.7 Spellcasting
 + Level 4.7 Conjurations
 + Level 6.1 Air Magic


You had 5 spell levels left.
You knew the following spells:

 Your Spells              Type           Power      Damage    Failure   Level
a - Shock                 Conj/Air       76%        1d7       1%          1
b - Magic Dart            Conj           68%        1d6       2%          1
c - Static Discharge      Conj/Air       19%        N/A       3%          2
d - Airstrike             Air            10%        N/A       14%         4

Your spell library contained the following spells:

 Spells                   Type           Power      Damage    Failure   Level
 Swiftness                Air            21%        N/A       4%          3
 Ensorcelled Hibernation  Hex/Ice        4%         N/A       28%         2
 Passwall                 Tmut/Erth      1%         N/A       28%         2


Dungeon Overview and Level Annotations

Branches:
Dungeon (5/15)             Temple (0/1) D:5           Sewer (visited)

Altars:
Fedhas
Gozag
Hepliaklqana
Nemelex Xobeh
Okawaru
Qazlal
Vehumet

Annotations:
D:3 2 transporters, UngaStrats's ghost, amateur DgFi
D:5 Dowan


Innate Abilities, Weirdness & Mutations

You have a beak for a mouth.
You have claws for feet.
Your magical nature lets you fly swiftly and evasively.


Message History

Dowan says, "Magic and the sword, together, will defeat you."
Dowan casts a spell at you.
The puff of frost hits you but does no damage.
There is a stone staircase leading down here.
* * * LOW HITPOINT WARNING * * *
You feel sick.
As you read the scroll of fear, it crumbles to dust.
You assume a fearsome visage.
Duvessa looks frightened!
* * * LOW HITPOINT WARNING * * *
You feel very sick.
* * * LOW HITPOINT WARNING * * *
You feel sick.
Duvessa yells, "Help!"
You feel better. Dowan casts a spell at you. The puff of frost hits you.
Okay, then.
Casting: Shock (safe; 2% risk of failure)
Confirm with . or Enter, or press ? or * to list all spells.
The spell is quite dangerous to miscast (16% risk of failure)!
Continue anyway?
Aiming: Airstrike (quite dangerous; 16% risk of failure)
Press: ? - help, Dir - move target, f - Duvessa
Aim: Duvessa, wielding a +2 short sword of venom and wearing a +0 ring mail (severely wounded, fleeing, empty space bonus: 6/8)
The air twists around and strikes Duvessa!
You kill Duvessa!
Vehumet accepts your kill.
You feel your power returning.
Dowan's eyes darken. "You have made a black mistake."
Dowan seems to find hidden reserves of power!
As you read the scroll labelled ODEALE SIOPAEN, it crumbles to dust.
The creatures around you are filled with an inner flame!
It was a scroll of immolation.
Dowan casts a spell at you. The shard of ice misses you.
As you read the scroll labelled SODGHI QAAMIE, it crumbles to dust.
You feel aware of your surroundings.
You sensed 1 altar, and 1 shop/portal.
It was a scroll of magic mapping.
Dowan casts a spell at you. The stone arrow hits you!
You die...

.....≈≈.........#*#####.....##
.....≈≈..##.....###...###....#
<....≈≈..#........##..####...#
......≈..........<###.#......#
.....≈≈≈≈≈.....##..........###
##..(≈≈.........###e.....###
#...≈≈≈..##...## #.##...#
##...≈≈...#.....###..##..#
.##..≈≈......#..@e>..)...#
...≈.≈≈...##.#.#.........#
...≈.≈≈...##...####.....##
....≈≈≈...##...# ###...#
.....≈≈..≈##..(#### ##.##
.....≈≈....#..#...## ###
.[...≈≈.......#....#
....#≈≈#..........##
....#≈≈#####..##.##


You could see Dowan (fast, inner flame).

Vanquished Creatures
  Duvessa (D:5)
  An ogre (D:5)
  Crazy Yiuf (D:3)
  3 hounds
  A centaur skeleton (D:5)
  Ijyb (D:3)
  An iguana (D:5)
  An orc wizard (D:3)
  A mummy (D:4)
  Robin (D:3)
  A howler monkey skeleton (D:5)
  12 adders
  An adder zombie (D:5)
  2 adder skeletons (D:4)
  A dart slug (D:1)
  A worm (D:2)
  10 orcs
  6 endoplasms
  3 giant cockroaches
  13 goblins
  6 hobgoblins
  2 jackals (D:2)
  2 quokkas
  5 ball pythons
  7 bats
  8 frilled lizards
  2 hobgoblin zombies (D:4)
  9 kobolds
  2 orc zombies (D:4)
  3 rats
108 creatures vanquished.

Vanquished Creatures (others)
  A plant (D:1)
1 creature vanquished.

Grand Total: 109 creatures vanquished

Notes
Turn   | Place    | Note
-------+----------+-------------------------------------------
     0 | D:1      | sipior the Tengu Air Elementalist began the quest for the
                  | Orb.
     0 | D:1      | Reached XP level 1. HP: 10/10 MP: 4/4
   249 | D:1      | Reached XP level 2. HP: 13/16 MP: 0/6
   518 | D:1      | Found a faded altar of an unknown god.
  1195 | D:1      | Reached XP level 3. HP: 19/20 MP: 3/7
  1319 | D:1      | Reached skill level 1 in Fighting
  1686 | D:2      | Found a radiant altar of Vehumet.
  1707 | D:2      | Became a worshipper of Vehumet
  2206 | D:2      | Reached XP level 4. HP: 23/25 MP: 3/8
  2432 | D:3      | Noticed UngaStrats's ghost (amateur DgFi)
  2469 | D:3      | Found a radiant altar of Vehumet.
  2895 | D:3      | Noticed Robin
  2983 | D:3      | Killed Robin
  3402 | D:3      | Gained mutation: Your magical nature lets you fly swiftly
                  | and evasively. [Tengu growth]
  3402 | D:3      | Reached XP level 5. HP: 19/30 MP: 4/10
  3531 | D:3      | Found a runed translucent door.
  3532 | D:3      | Noticed Crazy Yiuf
  3637 | D:3      | Found a transporter.
  3727 | D:3      | Found an iron altar of Okawaru.
  3749 | D:3      | Noticed Ijyb
  3768 | D:3      | Killed Ijyb
  3769 | D:3      | Reached skill level 5 in Air Magic
  4067 | D:3      | Found a transporter.
  4290 | D:3      | Killed Crazy Yiuf
  4344 | D:3      | Identified the +5 mace "Xyivolebb" {venom, rElec Dex+4 SInv
                  | Stlth-}
  4591 | D:4      | Found a glowing drain.
  4602 | Sewer    | Entered a sewer
  4780 | Sewer    | Reached * piety under Vehumet
  4780 | Sewer    | Offered knowledge of Magic Dart by Vehumet.
  4781 | Sewer    | Reached XP level 6. HP: 35/35 MP: 6/11
  4821 | Sewer    | Learned a level 1 spell: Magic Dart
  4824 | Sewer    | Learned a level 2 spell: Static Discharge
  4829 | Sewer    | Learned a level 4 spell: Airstrike
  4905 | Sewer    | Reached skill level 1 in Maces & Flails
  5347 | D:4      | Found a stormy altar of Qazlal.
  5404 | D:4      | Found a blossoming altar of Fedhas.
  5526 | D:4      | Found a sparkling altar of Nemelex Xobeh.
  5710 | D:4      | Found an opulent altar of Gozag.
  6114 | D:5      | Entered Level 5 of the Dungeon
  6130 | D:5      | Reached XP level 7. HP: 40/40 MP: 6/13
  6237 | D:5      | Found a hazy altar of Hepliaklqana.
  6504 | D:5      | Reached skill level 6 in Air Magic
  6642 | D:5      | Noticed Duvessa
  6644 | D:5      | Noticed Dowan
  6672 | D:5      | Killed Duvessa
  6674 | D:5      | Killed from afar by Dowan

Illustrated notes

Levels and vault maps discovered:
D:1:      noname_arrival_rooms_in_the_neighbourhood, layout_basic,
          dreamdust_ecumenical_altar_hidden_monk_grotto
D:2:      layout_basic, basic_altar
D:3:      layout_basic, nicolae_overflow_crystal_walls,
          mainiacjoe_overflow_alcove_4, gammafunk_ghost_stat_death,
          hangedman_abyss_or_decor_stabs, minivault_24,
          chequers_serial_rivers_micro_b, minmay_curled_crystal, uniq_robin,
          uniq_ijyb, uniq_crazy_yiuf_cottage
D:4:      layout_gridville, nemelex_spade_bored_becter,
          nicolae_overflow_hidden_temple, mainiacjoe_overflow_brackets,
          portal_sewer_entry_b, grunt_decor_fettered, minmay_mini_ossuary
D:5:      layout_cave_pools, mainiacjoe_overflow_alcove_2,
          mainiacjoe_overflow_24_doors, minmay_temple_entry_purple_smoke,
          serial_shops, shop, serial_rivers, chequers_serial_rivers_small_3,
          chequers_serial_rivers_room_b, chequers_serial_rivers_room_a,
          chequers_serial_rivers_small_a, chequers_serial_rivers_micro_d,
          uniq_duvessa

Skill      XL: |  1  2  3  4  5  6  7 |
---------------+----------------------+-----
Conjurations   | 2 3 4 |  4.7
Fighting       | 1 2 3 |  3.3
Dodging        | 3 |  3.3
Air Magic      | 5 6 |  6.1
Spellcasting   | 3 |  3.7
Maces & Flails | 1 2 |  2.5
Stealth        | |  2.0

Action                   |  1- 3 |  4- 6 |  7- 9 || total
-------------------------+-------+-------+-------++-------
Melee: Unarmed           |     4 |       |       ||     4
       Peck              |     4 |     7 |       ||    11
       Kick              |     6 |     9 |     1 ||    16
       Spear             |    15 |    37 |       ||    52
       Mace              |       |    24 |     2 ||    26
 Cast: Shock             |    71 |   110 |    36 ||   217
       Airstrike         |       |       |     1 ||     1
  Use: Scroll            |       |     9 |     3 ||    12
       Potion            |       |       |     1 ||     1
Armor: Robe              |    11 |     9 |     2 ||    22
       Leather armour    |       |    28 |       ||    28
Dodge: Dodged            |    21 |    69 |    10 ||   100
